 Dungeon Crawl Stone Soup version 0.30-a0-576-g89cddaab80 (webtiles) character file.

Game seed: 14628492447990029143

31 Newt the Trooper (level 3, 0/28 HPs)
             Began as a Demonspawn Gladiator on Dec 30, 2022.
             Was an Initiate of Qazlal.
             Slain by an adder (2 damage)
             ... on level 2 of the Dungeon.
             The game lasted 00:01:24 (1298 turns).

Newt the Trooper (Demonspawn Gladiator)             Turns: 1298, Time: 00:01:24

Health: 0/28       AC:  7    Str: 16    XL:     3   Next: 7%
Magic:  0/3        EV: 10    Int:  9    God:    Qazlal [......]
Gold:   77         SH:  0    Dex: 14    Spells: 2/2 levels left

rFire   . . .      SeeInvis .    a - +0 rapier (freeze)
rCold   . . .      Faith    .    (no shield)
rNeg    . . .      Spirit   .    n - +0 scale mail
rPois   .          Reflect  .    c - +0 helmet
rElec   .          Harm     .    (no cloak)
rCorr   .          Rampage  .    (no gloves)
Will    .....                    (no boots)
Stlth   +                        (no amulet)
HPRegen 0.24/turn                (no ring)
MPRegen 0.08/turn                (no ring)

@: no status effects
A: hooves 1, powered by death 1
a: Renounce Religion


You were on level 2 of the Dungeon.
You worshipped Qazlal.
Qazlal was noncommittal.
You visited 1 branch of the dungeon, and saw 2 of its levels.

You collected 77 gold pieces.

Inventory:

Hand Weapons
 a - a +0 rapier of freezing (weapon)
 i - a +0 short sword
Missiles
 d - 2 throwing nets (quivered)
 e - a javelin
Armour
 b - a +0 leather armour
 c - a +0 helmet (worn)
 n - a +0 scale mail (worn)
Scrolls
 f - a scroll of teleportation {unknown}
 g - a scroll of noise {unknown}
 k - a scroll of torment {unknown}
 p - a scroll of enchant weapon {unknown}
 r - a scroll of identify {unknown}
Potions
 h - a potion of brilliance {unknown}
 l - a potion of ambrosia {unknown}
 m - a potion of attraction {unknown}
 o - 2 potions of curing {unknown}
 q - a potion of degeneration {unknown}


   Skills:
 + Level 2.8 Fighting
 - Level 2.6 Short Blades
 - Level 1.7 Throwing
 - Level 2.6 Dodging
 - Level 2.0 Stealth


You had 2 spell levels left.
You didn't know any spells.
Your spell library contained the following spells:

 Spells                   Type           Power      Damage    Failure   Level
 Blink                    Tloc           0%         N/A       93%         2
 Momentum Strike          Conj/Tloc      0%         3d8       93%         2
 Lesser Beckoning         Tloc           0%         N/A       99%         3


Dungeon Overview and Level Annotations

Branches:
Dungeon (2/15)

Altars:
Qazlal

Shops:
D:2 :[

Annotations:
D:2 Sigmund


Innate Abilities, Weirdness & Mutations

You have large cloven feet.
You regenerate a little health from kills.


Message History

Aim: Sigmund, wielding a +2 antimagic scythe and wearing a +0 robe (lightly wounded, very poisoned, 55% to hit)
You throw a poisoned dart.
The poisoned dart barely misses Sigmund.
Sigmund hits you from afar with a +2 antimagic scythe!
You feel your power leaking away.
Throw: 3 throwing nets
Press: ? - help, Q - select action, (/) - cycle Shift-Dir - straight line, f/p - Sigmund
Aim: Sigmund, wielding a +2 antimagic scythe and wearing a +0 robe (moderately wounded, very poisoned, 55% to hit)
You throw a throwing net. The throwing net hits Sigmund.
Sigmund is caught in the net!
Sigmund is moderately wounded.
You closely miss the adder. Your kick misses the adder.
Sigmund struggles against the net.
The adder bites you but does no damage.
Sigmund struggles against the net.
The adder attacks as you move away! The adder bites you but does no damage.
Sigmund laughs darkly.
Sigmund struggles against the net.
You miss the adder. The adder bites you. The adder closely misses you.
Sigmund whispers, "You'll know eternity soon."
Sigmund gestures wildly while chanting.
Sigmund flickers and vanishes!
Deactivating autopickup; reactivate with Ctrl-A.
Something wriggles in the net.
You hit the adder but do no damage. You kick the adder, but do no damage.
The adder bites you.
You hit the adder. You freeze the adder.
The adder is almost dead.
The adder bites you.
Something wriggles in the net.
All of a sudden the net rips apart!
The adder bites you.
You barely miss the adder. Your kick misses the adder.
The adder is almost dead.
The adder barely misses you.
You closely miss the adder.
The adder is almost dead.
The adder bites you but does no damage. Something hits you!
* * * LOW HITPOINT WARNING * * *
The adder bites you but does no damage. The adder attacks as you move away!
The adder bites you but does no damage. The adder attacks as you move away!
The adder bites you.
You die...

### ..# ..# ....# ..#
....# ..######## ....#
.......... ....#
..######## ####....#
...#############.......#
...##.....∩.....@##....#
....#.###########S...###
......########
#.##......
####.........< #.# ((...
.....######### ... ...>
#............ ...# ...
............. .#### ..
#.............. .
.#..#.........


You could see an adder.

Vanquished Creatures
  5 ball pythons
  4 endoplasms
  2 hobgoblins
  4 jackals (D:1)
  A bat (D:2)
  3 frilled lizards
  2 goblins
  5 kobolds
  3 rats
29 creatures vanquished.

Notes
Turn   | Place    | Note
-------+----------+-------------------------------------------
     0 | D:1      | Newt the Demonspawn Gladiator began the quest for the Orb.
     0 | D:1      | Reached XP level 1. HP: 16/16 MP: 1/1
   132 | D:1      | Reached skill level 1 in Stealth
   251 | D:1      | Gained mutation: You have large cloven feet. [demonic
                  | ancestry]
   251 | D:1      | Reached XP level 2. HP: 22/22 MP: 2/2
  1094 | D:2      | Found a stormy altar of Qazlal.
  1113 | D:2      | Became a worshipper of Qazlal Stormbringer
  1166 | D:2      | Found Bayssor's Book Shoppe.
  1180 | D:2      | Gained mutation: You regenerate a little health from kills.
                  | [demonic ancestry]
  1180 | D:2      | Reached XP level 3. HP: 21/28 MP: 3/3
  1268 | D:2      | Found Xasum's Antique Armour Emporium.
  1283 | D:2      | Noticed Sigmund
  1298 | D:2      | Slain by an adder

Illustrated notes

Levels and vault maps discovered:
D:1:      zaba_arrival_water, layout_loops_ring
D:2:      layout_rooms, basic_altar, serial_shops, shop, nicolae_square_shop,
          uniq_sigmund

Skill      XL: |  1  2 |
---------------+-------+-----
Stealth        | 1 2 |  2.0
Fighting       | |  2.8
Short Blades   | |  2.6
Throwing       | |  1.7
Dodging        | |  2.6

Action                   || total
-------------------------++-------
Melee: Rapier            ||    91
       Kick              ||    15
       Punch             ||     1
Throw: Dart              ||     4
       Throwing net      ||     1
  Use: Scroll            ||     1
 Stab: Sleeping          ||     2
Armor: Leather armour    ||    23
       Scale mail        ||    29
Dodge: Dodged            ||    72

Table legend: (Time is in decaauts)
 A = Elapsed time spent in this place.
 B = Non-inter-level travel time spent in this place.
 C = Inter-level travel time spent in this place.
 D = Time resting spent in this place.
 E = Time spent auto-exploring this place.
 F = Levels seen in this place.
 G = Mean time per level.
                   A        B        C        D        E       F      G
               +--------+--------+--------+--------+--------+-----+--------+
         Total |   1312 |   1270 |     42 |    398 |    627 |   2 |  656.0 |
       Dungeon |   1312 |   1270 |     42 |    398 |    627 |   2 |  656.0 |
               +--------+--------+--------+--------+--------+-----+--------+

Top non-repeatable levels by time:
     D:1: 1096 daAuts
     D:2: 215 daAuts
